 Dungeon Crawl Stone Soup version 0.31-a0-237-g2d982f9f85 (webtiles) character file.

Game seed: 6812738951709152189

451 Ijustatesigmund the Stinger (level 7, -3/100 HPs)
             Began as an Octopode Venom Mage on July 11, 2023.
             Killed by an exploding scorpion (11 damage)
             ... ignited by their inner flame
             ... on level 4 of the Dungeon.
             The game lasted 00:07:24 (4084 turns).

Ijustatesigmund the Stinger (Octopode Venom Mage)   Turns: 4084, Time: 00:07:25

Health: -3/100     AC: 23    Str:  7    XL:     7   Next: 4%
Magic:  6/12       EV:  2    Int: 19    God:
Gold:   105        SH:  0    Dex:  9    Spells: 3/13 levels left

rFire   + . .        b - +2 flail (holy)
rCold   . . .        (no shield)
rNeg    . . .        (helmet currently unavailable)
rPois   +            (no amulet)
rElec   .            l - ring of see invisible
rCorr   +            n - ring of wizardry
SInv    +            i - ring of the Will of the Gods {Fly rF+ rCorr Dex-4}
Will    .....        (no ring) Stlth
                     (no ring)
HPRegen 0.36/turn    (no ring)
MPRegen 0.13/turn    (no ring)
                     (no ring)

%: wizardry (x1)
@: berserking, lethally poisoned (-3 -> -6), tree-form, invisible, very quick
A: stationary, stasis, torment immunity, boosted hp, almost no armour,
(amphibious), 8 rings, (camouflage 1), (gelatinous body 1), (nimble swimmer 1),
(tentacles)
a: no special abilities


You were on level 4 of the Dungeon.
You were a tree.
You visited 1 branch of the dungeon, and saw 4 of its levels.

You collected 123 gold pieces.
You spent 18 gold pieces at shops.

Inventory:

Hand Weapons
 b - a +2 flail of holy wrath (weapon)
 e - a +1 dagger of speed
Jewellery
 i - the ring of the Will of the Gods (on tentacle) {Fly rF+ rCorr Dex-4}
   (You acquired it on level 3 of the Dungeon)

   [ring of flight]

   Dex:       It affects your dexterity (-4).
   rF:        It protects you from fire.
   Fly:       It grants you flight.
   rCorr:     It protects you from acid and corrosion.
 l - a ring of see invisible (left branch)
 n - a ring of wizardry (right branch)
Wands
 d - a wand of iceblast (6)
 p - a wand of acid (8)
Potions
 a - 2 potions of magic
 g - a potion of resistance {unknown}
 j - a potion of brilliance {unknown}
 m - a potion of mutation {unknown}


   Skills:
 - Level 2.7 Fighting
 - Level 2.0 Dodging
 - Level 2.6 Stealth
 + Level 3.5 Spellcasting
 + Level 2.5 Conjurations
 - Level 1.0 Transmutations
 + Level 2.7 Air Magic
 + Level 5.4 Poison Magic


You had 3 spell levels left.
You knew the following spells:

 Your Spells              Type           Power      Damage    Failure   Level
a - Sting                 Tmut/Pois      60%        1d6       1%          1
b - Poisonous Vapours     Pois/Air       38%        N/A       1%          2
c - Mephitic Cloud        Conj/Pois/Air  17%        N/A       4%          3
d - Olgreb's Toxic Radia  Pois           24%        N/A       6%          4

Your spell library contained the following spells:

 Spells                   Type           Power      Damage    Failure   Level
 Lesser Beckoning         Tloc           6%         N/A       9%          2
 Gell's Gravitas          Tloc           3%         N/A       17%         3
 Teleport Other           Tloc           3%         N/A       17%         3
 Alistair's Intoxication  Tmut/Pois      10%        N/A       38%         5
 Borgnjor's Vile Clutch   Necr/Erth      1%         N/A       82%         5
 Eringya's Noxious Bog    Tmut/Pois      7%         4d6       90%         6


Dungeon Overview and Level Annotations

Branches:
Dungeon (4/15)
 Temple: D:4-7

Altars:
Kikubaaqudgha

Shops:
D:3 *(*


Innate Abilities, Weirdness & Mutations

You are a tree.
Your roots penetrate the ground, keeping you stationary.
You cannot be teleported.
You are immune to unholy pain and torment.
Your maximum health is greatly increased.
You cannot wear most types of armour.
((You are amphibious.))
You can wear up to eight rings at the same time.
((Your skin changes colour to match your surroundings (Stealth+).))
((Your rubbery body absorbs attacks. (AC +1, EV +1)))
((You are camouflaged when in or above water. (Stealth+)))
((You have tentacles for arms and can constrict up to eight enemies at once.))


Message History

The creatures around you are filled with an inner flame!
It was a scroll of immolation.
You feel very sick.
The goblin no longer looks unusually strong.
The goblin closely misses you. The goblin hits you with a +0 club.
The goblin barely misses you.
You aren't carrying any scrolls.
It was a potion of invisibility.
You fade into invisibility!
You feel sick. The goblin hits you with a +0 dagger.
* * * LOW HITPOINT WARNING * * *
The goblin closely misses you.
The goblin throws a stone.
The stone barely misses the adder.
The stone barely misses the goblin.
The stone hits you.
* * * LOW HITPOINT WARNING * * *
The goblin misses you. The scorpion barely misses you.
It was a potion of lignification.
You turn into a tree.
Your roots penetrate the ground.
You feel sick. The scorpion stings you.
* * * LOW HITPOINT WARNING * * *
The goblin hits you but does no damage. x3
It was a potion of berserk rage.
A red film seems to cover your vision as you go berserk!
You feel yourself moving faster!
You feel mighty!
You feel sick.
The scorpion stings you but does no damage.
The goblin completely misses you.
The goblin hits you but does no damage. x3
You cannot move.
You sock the goblin!
The goblin explodes!
The fiery explosion engulfs the goblin!!
The fiery explosion engulfs the hobgoblin!!!
The fiery explosion engulfs the adder!!
The fiery explosion engulfs you but does no damage.
The fiery explosion engulfs the goblin!!!
The fiery explosion engulfs the goblin!!
The fiery explosion engulfs the scorpion!!
The scorpion explodes!
The fiery explosion engulfs the goblin!! x2
The fiery explosion engulfs the jelly!!!
The fiery explosion engulfs you! You resist.
You die...

#......##.....##
##))............## .
#................#
#..##[...[..†.†......#
##...................#
.....)......g.........#
...###......g)§.......#
## #......)§§)......#
.........§§♣§..)..##
..##......§§#....)## #
.........g#.##....
###........#.. ....
#........#... ...
#.....$..##...
##.......# ....
########. ...##


You could see 3 goblins.

Vanquished Creatures
  Sigmund (D:2)
  A scorpion (D:4)
  A howler monkey (D:4)
  A jelly (D:4)
  Natasha (thrice) (D:2)
  Terence (D:2)
  Robin (D:4)
  8 adders
  4 worms
  A dart slug (D:1)
  9 bats
  8 endoplasms
  2 giant cockroaches (D:1)
  13 goblins
  8 hobgoblins
  6 kobolds
  A quokka (D:3)
  7 ball pythons
  2 frilled lizards (D:1)
  5 rats
83 creatures vanquished.

Notes
Turn   | Place    | Note
-------+----------+-------------------------------------------
     0 | D:1      | Ijustatesigmund the Octopode Venom Mage began the quest for
                  | the Orb.
     0 | D:1      | Reached XP level 1. HP: 11/11 MP: 3/3
   275 | D:1      | Reached XP level 2. HP: 16/18 MP: 5/5
   286 | D:1      | Learned a level 2 spell: Poisonous Vapours
   433 | D:1      | Reached skill level 1 in Fighting
   433 | D:1      | Reached skill level 4 in Poison Magic
   646 | D:1      | Reached XP level 3. HP: 22/23 MP: 6/6
   650 | D:1      | Learned a level 3 spell: Mephitic Cloud
  1457 | D:2      | Reached skill level 1 in Air Magic
  1524 | D:2      | Reached XP level 4. HP: 23/28 MP: 0/7
  1601 | D:2      | Found an ancient bone altar of Kikubaaqudgha.
  1602 | D:2      | Noticed Terence
  1603 | D:2      | Noticed Natasha
  1612 | D:2      | Killed Terence
  1613 | D:2      | Reached skill level 1 in Conjurations
  1664 | D:2      | Killed Natasha
  1772 | D:2      | Noticed Sigmund
  1783 | D:2      | Killed Sigmund
  1784 | D:2      | Reached skill level 5 in Poison Magic
  1784 | D:2      | Reached XP level 5. HP: 28/35 MP: 4/9
  1784 | D:2      | Reached XP level 6. HP: 33/41 MP: 4/10
  2075 | D:2      | Noticed Natasha
  2079 | D:2      | Killed Natasha
  2396 | D:2      | Noticed Natasha
  2400 | D:2      | Killed Natasha
  2740 | D:3      | Learned a level 4 spell: Olgreb's Toxic Radiance
  2810 | D:3      | Found Tomoesu's General Store.
  3023 | D:3      | Found Ipeen's Weapon Emporium.
  3075 | D:3      | Found a faded altar of an unknown god.
  3172 | D:3      | Found Taesmeuz's Assorted Antiques.
  3181 | D:3      | Bought a scroll labelled TOLEXE SATRISU for 18 gold pieces
  3694 | D:3      | Identified a scroll of acquirement
  3694 | D:3      | Acquired the ring of the Will of the Gods {Fly rF+ rCorr
                  | Dex-4}
  3932 | D:4      | Reached XP level 7. HP: 33/45 MP: 2/12
  4064 | D:4      | Noticed Robin
  4071 | D:4      | Killed Robin
  4084 | D:4      | Killed by an exploding scorpion... ignited by their inner
                  | flame

Illustrated notes

Levels and vault maps discovered:
D:1:      onia_arrival_mini_spirals, layout_basic,
          chequers_serial_rivers_micro_d
D:2:      layout_loops_ring, basic_altar, kennysheep_nondescript,
          minmay_tromino_v4_b, uniq_natasha, uniq_terence, uniq_sigmund
D:3:      layout_basic, ebering_ecumenical_altar_petrified, serial_shops,
          nicolae_shop_overgrown_old_shop, shop, shop
D:4:      layout_rooms, kennysheep_cross_bottleneck, minmay_manual_monstrance,
          uniq_robin

Skill      XL: |  1  2  3  4 |
---------------+-------------+-----
Fighting       | 1 2 |  2.7
Poison Magic   | 4 5 |  5.4
Air Magic      | 1 2 |  2.7
Conjurations   | 2 |  2.5
Spellcasting   | 3 |  3.5
Dodging        | |  2.0
Stealth        | |  2.6
Transmutations | |  1.0

Action                     |  1- 3 |  4- 6 |  7- 9 || total
---------------------------+-------+-------+-------++-------
  Melee: Unarmed           |    67 |       |       ||    67
         Tentacles         |    24 |     9 |     1 ||    34
         Constrict         |    17 |    12 |     2 ||    31
         Dagger            |    13 |     5 |       ||    18
         Flail             |       |    50 |     6 ||    56
   Cast: Sting             |    15 |     7 |       ||    22
         Poisonous Vapours |    18 |    38 |     5 ||    61
         Mephitic Cloud    |       |       |     1 ||     1
    Use: Scroll            |     1 |     5 |     1 ||     7
         Potion            |     1 |     2 |     4 ||     7
   Stab: Sleeping          |     3 |     2 |       ||     5
         Confused          |       |       |     1 ||     1
 Armour: Skin              |    16 |     7 |     8 ||    31
  Dodge: Dodged            |    64 |    36 |     9 ||   109

Table legend: (Time is in decaauts)
 A = Elapsed time spent in this place.
 B = Non-inter-level travel time spent in this place.
 C = Inter-level travel time spent in this place.
 D = Time resting spent in this place.
 E = Time spent auto-exploring this place.
 F = Levels seen in this place.
 G = Mean time per level.
                   A        B        C        D        E       F      G
               +--------+--------+--------+--------+--------+-----+--------+
         Total |   4112 |   3953 |    159 |    626 |   2781 |   4 | 1028.0 |
       Dungeon |   4112 |   3953 |    159 |    626 |   2781 |   4 | 1028.0 |
               +--------+--------+--------+--------+--------+-----+--------+

Top non-repeatable levels by time:
     D:2: 1496 daAuts
     D:1: 1255 daAuts
     D:3: 1123 daAuts
     D:4: 236 daAuts
